 Dungeon Crawl Stone Soup version 0.30.0-2-g1aa4bd4387 (webtiles) character file.

Game seed: 9603399468914782458

39083 Acheron the Cleaver (level 14, -5/118 HPs)
             Began as a Hill Orc Artificer on May 7, 2023.
             Was a High Priest of Nemelex Xobeh.
             Killed from afar by an ice dragon (52 damage)
             ... with a blast of cold
             ... on level 5 of the Lair of Beasts.
             The game lasted 01:26:42 (16998 turns).

Acheron the Cleaver (Hill Orc Artificer)           Turns: 16998, Time: 01:26:43

Health: -5/118     AC: 21    Str: 18    XL:     14   Next: 5%
Magic:  20/20      EV: 13    Int: 11    God:    Nemelex Xobeh [*****.]
Gold:   989        SH:  0    Dex: 19    Spells: 10/13 levels left

rFire   . . .        x - +3 war axe (venom)
rCold   . . .        B - +0 buckler
rNeg    . . .        v - +2 scale mail {rPois}
rPois   +            I - +0 helmet
rElec   .            k - +0 cloak {rPois}
rCorr   .            (no gloves)
SInv    .            r - +2 pair of boots
Will    +....        (no amulet) Stlth
                     p - +6 ring of dexterity
HPRegen 0.39/turn    t - +4 ring of protection
MPRegen 0.17/turn

%: no passive effects
@: confused
A: wild magic 2, noise suppression
a: Renounce Religion, Draw Escape, Draw Destruction, Draw Summoning, Triple
Draw, Deal Four, Stack Five


You were on level 5 of the Lair of Beasts.
You worshipped Nemelex Xobeh.
Nemelex Xobeh was extremely pleased with you.
You visited 3 branches of the dungeon, and saw 17 of its levels.

You collected 989 gold pieces.

Inventory:

Hand Weapons
 b - a +2 whip of flaming
 m - a +4 dagger of draining
 s - a +1 scimitar
 x - a +3 war axe of venom (weapon)
 y - a +5 dagger
 D - a +2 hand axe of electrocution
 J - a -1 demon whip of venom
 L - a +2 vampiric war axe
Missiles
 f - 10 boomerangs
 C - 26 poisoned darts
 O - 2 javelins
Armour
 k - a +0 cloak of poison resistance (worn)
 r - a +2 pair of boots (worn)
 v - a +2 scale mail of poison resistance (worn)
 B - a +0 buckler (worn)
 I - a +0 helmet (worn)
 K - +0 ice dragon scales
Jewellery
 l - a +6 ring of intelligence
 n - a +6 ring of strength
 p - a +6 ring of dexterity (left hand)
 t - a +4 ring of protection (right hand)
 z - a ring of resist corrosion
 Q - an amulet of reflection
 R - an amulet of faith
 S - an amulet of magic regeneration
Wands
 c - a wand of flame (36) (quivered)
 d - a wand of charming (15)
 e - a wand of iceblast (5)
 j - a wand of paralysis (14)
 G - a wand of polymorph (3)
 P - a wand of roots (8)
Scrolls
 i - 3 scrolls of immolation
 u - a scroll of fog
 w - a scroll of brand weapon {unknown}
 H - 4 scrolls of fear
 N - 2 scrolls of magic mapping
 T - a scroll of blinking
Potions
 a - a potion of magic
 g - a potion of degeneration {unknown}
 h - 5 potions of mutation
 o - a potion of ambrosia
 q - 4 potions of haste
 A - 2 potions of brilliance
 E - a potion of cancellation {unknown}
 F - 2 potions of invisibility
 M - a potion of lignification {unknown}


   Skills:
 * Level 9.5 Fighting
 + Level 7.6 Short Blades
 * Level 12.6(12.7) Axes
 + Level 0.5(6.7) Maces & Flails
 * Level 4.9 Throwing
 + Level 10.4 Armour
 * Level 6.5 Dodging
 * Level 6.5 Stealth
 + Level 7.2 Shields
 * Level 0.1 Translocations
 * Level 8.1 Invocations
 * Level 8.0 Evocations


You had 10 spell levels left.
You knew the following spells:

 Your Spells              Type           Power      Damage    Failure   Level
a - Teleport Other        Tloc           0%         N/A       99%         3

Your spell library contained the following spells:

 Spells                   Type           Power      Damage    Failure   Level
 Lesser Beckoning         Tloc           0%         N/A       93%         2
 Ensorcelled Hibernation  Hex/Ice        0%         N/A       94%         2
 Passwall                 Tmut/Erth      0%         N/A       94%         2
 Gell's Gravitas          Tloc           0%         N/A       99%         3
 Portal Projectile        Hex/Tloc       0%         N/A       99%         3
 Swiftness                Air            0%         N/A       99%         3
 Tukima's Dance           Hex            0%         N/A       99%         3
 Animate Dead             Necr           0%         N/A       100%        4
 Cause Fear               Hex            0%         N/A       100%        4
 Blade Hands              Tmut           0%         N/A       100%        5
 Fireball                 Conj/Fire      0%         3d3       100%        5
 Iskenderun's Battlesphe  Conj           0%         2d6       100%        5
 Conjure Ball Lightning   Conj/Air       0%         3x3d6     100%        6
 Dragon Form              Tmut           0%         N/A       100%        7
 Haunt                    Necr/Summ      0%         N/A       100%        7
 Orb of Destruction       Conj           0%         9d5       100%        7
 Infestation              Necr           0%         N/A       100%        8
 Dragon's Call            Summ           0%         N/A       100%        9


Dungeon Overview and Level Annotations

Branches:
Dungeon (11/15)            Temple (1/1) D:6            Lair (5/5) D:8
  Snake (0/4) Lair:3          Orc (0/2) D:10
  Swamp: Lair:2-3    Shoals: Lair:2-3     Slime: Lair:4-5

Altars:
Ashenzari
Cheibriados
Dithmenos
Elyvilon
Fedhas
Gozag
Hepliaklqana
Kikubaaqudgha
Makhleb
Nemelex Xobeh
Okawaru
Qazlal
Ru
Sif Muna
Trog
Uskayaw
Vehumet
Wu Jian
Xom
Yredelemnul
Zin
The Shining One

Shops:
D:4 (   D:6 (   D:7 =

Annotations:
D:3 exclusion: 2 downstairs
D:5 exclusion: upstairs
D:9 1 runed translucent door, exclusion: downstairs, Lymetel's ghost, journeyman GnRe
Lair:1 1 exclusion
Lair:4 exclusion: downstairs


Innate Abilities, Weirdness & Mutations

Your spells are harder to cast, but more powerful.
You passively dampen the noise of your surroundings.


Message History

The tarantella touches you but does no damage.
The ice dragon bites you. The ice dragon claws you.
The ice dragon tramples you but does no damage.
The tarantella looks more healthy.
The tarantella touches you but does no damage.
The ice dragon breathes frost at you. The blast of cold hits you!!
The tarantella touches you!
You are more confused.
The tarantella touches you but does no damage.
The ice dragon bites you but does no damage.
The ice dragon claws you.
The ice dragon tramples you but does no damage.
The tarantella touches you!
You are more confused.
The ice dragon bites you but does no damage.
The ice dragon claws you but does no damage.
The ice dragon barely misses you. The tarantella touches you!
The broodmother is no longer petrified.
The broodmother bites you!
A spider bursts forth from the wound!
The tarantella touches you but does no damage.
The ice dragon bites you! The ice dragon claws you.
The ice dragon tramples you but does no damage.
The broodmother seems to return to its normal shape.
The broodmother bites you!
The tarantella touches you but does no damage.
The ice dragon bites you! The ice dragon barely misses you.
The ice dragon tramples you.
You are shoved backwards!
You turn to flesh and can move again.
You are too confused!
You are too confused!
You slash the broodmother!
The broodmother is lightly wounded.
You hit the tarantella.
You kill the tarantella!
The tarantella's corpse disappears in a puff of smoke!
You closely miss the ice dragon. You barely miss the orb spider.
The ice dragon breathes frost at you. The blast of cold hits you!!!
You die...
Your body glows with a rainbow of weird colours and disappears.

##.......................
#........................
#.........#..............
#........##...P..........
#.......##.....♣.P.......
##...####................
#####...................
##...†§s.s......##......
##.....D@.......##.......
###...####.......##........
##...### ###.♣...#.........
##...## ##...##.........
##....# #..##..........
#...Y## ##.#...........
#...§# ##.#...........
#.§§## #..##..........
#..§# #...#..........


You could see a broodmother (poisoned), an ice dragon (catching breath) and an
orb spider (summoned).

Vanquished Creatures
  An ettin (Lair:2)
  3 hydras (Lair:5)
  Harold (D:9)
  A catoblepas (Lair:5)
  5 death yaks (Lair:5)
  A two-headed ogre (D:9)
  A skyshark (Lair:5)
  Amaemon (D:8)
  Pikel (D:4)
  21 elephants
  Maurice (D:9)
  6 black mambas
  9 cane toads
  An orange demon (D:9)
  7 komodo dragons
  3 rime drakes
  2 trolls
  A polar bear (Lair:5)
  A blink frog (shapeshifter) (Lair:5)
  8 blink frogs
  4 wyverns
  27 yaks
  A basilisk (Lair:1)
  2 steam dragons
  A warg (Lair:1)
  An acid dragon (D:8)
  18 water moccasins
  2 ice beasts
  An orc warrior (D:6)
  4 black bears
  17 wolves
  2 ogres
  A centaur (D:10)
  A lemure (D:4)
  A phantom (D:5)
  2 kobold brigands
  Blork the orc (D:4)
  17 bullfrogs
  3 scorpions
  7 wights
  11 killer bees
  6 howler monkeys
  5 hounds
  3 jellies
  A gnoll bouda (D:6)
  3 orc priests
  2 iguanas
  12 orc wizards
  2 ogre zombies (D:10)
  A mummy (D:8)
  16 gnolls
  4 adders
  A river rat (D:7)
  An ufetubus (D:3)
  A worm (D:4)
  2 dart slugs (D:7)
  47 orcs
  3 endoplasms
  5 giant cockroaches
  5 goblins
  6 hobgoblins
  16 jackals
  3 quokkas
  7 ball pythons
  5 bats
  2 frilled lizards
  A goblin skeleton (D:10)
  2 goblin zombies (D:10)
  A hobgoblin zombie (D:10)
  10 kobolds
  3 orc skeletons (D:10)
  3 orc zombies (D:10)
  2 rats (D:1)
380 creatures vanquished.

Vanquished Creatures (collateral kills)
  A phantom (D:5)
  3 wights (D:5)
  2 orc priests (D:5)
  2 adders (D:5)
  An ufetubus (D:5)
  An orc (D:5)
10 creatures vanquished.

Vanquished Creatures (others)
  A jelly (D:6)
  67 fungi
  100 plants
168 creatures vanquished.

Grand Total: 558 creatures vanquished

Notes
Turn   | Place    | Note
-------+----------+-------------------------------------------
     0 | D:1      | Acheron the Hill Orc Artificer began the quest for the Orb.
     0 | D:1      | Reached XP level 1. HP: 16/16 MP: 1/1
   234 | D:1      | Reached XP level 2. HP: 20/23 MP: 2/2
   809 | D:2      | Reached skill level 1 in Dodging
   936 | D:2      | Reached XP level 3. HP: 24/25 MP: 3/3
  1129 | D:3      | Found a faded altar of an unknown god.
  1150 | D:3      | Prayed at the altar of an unknown god.
  1150 | D:3      | Became a worshipper of Nemelex Xobeh the Trickster
  1150 | D:3      | Reached * piety under Nemelex Xobeh
  1150 | D:3      | Received a gift from Nemelex Xobeh
  1191 | D:3      | Reached skill level 1 in Stealth
  1434 | D:3      | Found a white marble altar of Elyvilon.
  1677 | D:4      | Noticed a black bear
  1875 | D:4      | Reached skill level 1 in Short Blades
  1875 | D:4      | Reached XP level 4. HP: 36/36 MP: 4/4
  1918 | D:4      | Noticed a lemure
  1951 | D:4      | Killed a lemure
  2025 | D:4      | Noticed a lemure
  2025 | D:4      | Noticed a lemure
  2027 | D:4      | Noticed Pikel
  2028 | D:4      | Noticed a lemure
  2043 | D:4      | Noticed a scorpion
  2048 | D:4      | Killed a scorpion
  2049 | D:4      | Reached XP level 5. HP: 41/41 MP: 5/5
  2064 | D:4      | Killed Pikel
  2065 | D:4      | Reached XP level 6. HP: 36/51 MP: 6/6
  2065 | D:4      | Reached XP level 7. HP: 40/57 MP: 7/7
  2417 | D:5      | Entered Level 5 of the Dungeon
  2618 | D:4      | Received a gift from Nemelex Xobeh
  2625 | D:4      | Found a hazy altar of Hepliaklqana.
  2638 | D:4      | Reached ** piety under Nemelex Xobeh
  2749 | D:4      | Found Vegomab's Antique Weapon Shop.
  2824 | D:4      | Reached skill level 5 in Armour
  2872 | D:4      | Reached XP level 8. HP: 66/66 MP: 8/8
  2962 | D:6      | Found a staircase to the Ecumenical Temple.
  2968 | Temple   | Entered the Ecumenical Temple
  3371 | D:6      | Found a sparkling altar of Nemelex Xobeh.
  3489 | D:5      | Reached skill level 5 in Short Blades
  3590 | D:5      | Received a gift from Nemelex Xobeh
  3622 | D:5      | Reached skill level 5 in Evocations
  3661 | D:5      | Reached XP level 9. HP: 68/73 MP: 9/9
  4138 | D:6      | Found Xeapp's Weapon Shop.
  4158 | D:6      | Reached skill level 5 in Fighting
  4418 | D:6      | Reached skill level 1 in Shields
  4418 | D:6      | Reached skill level 1 in Invocations
  4421 | D:6      | Received a gift from Nemelex Xobeh
  4820 | D:6      | Found a shimmering altar of Xom.
  5222 | D:7      | Reached *** piety under Nemelex Xobeh
  5392 | D:7      | Received a gift from Nemelex Xobeh
  5470 | D:7      | Found Unobyca's Jewellery Emporium.
  5557 | D:9      | Noticed Harold
  5560 | D:9      | Noticed Amaemon
  5740 | D:8      | Found a stormy altar of Qazlal.
  6272 | D:8      | Reached **** piety under Nemelex Xobeh
  6444 | D:8      | Found a staircase to the Lair.
  6445 | D:8      | Noticed a komodo dragon
  6450 | D:8      | Reached XP level 10. HP: 77/80 MP: 12/12
  6719 | Lair:1   | Entered Level 1 of the Lair of Beasts
  6792 | Lair:1   | Noticed a cane toad
  6806 | Lair:1   | Killed a cane toad
  6807 | Lair:1   | Noticed a cane toad
  6814 | Lair:1   | Killed a cane toad
  6867 | Lair:1   | Received a gift from Nemelex Xobeh
  7177 | Lair:1   | Noticed a death yak
  7179 | Lair:1   | Noticed a death yak
  7179 | Lair:1   | Noticed a death yak
  7179 | Lair:1   | Noticed a death yak
  7180 | Lair:1   | Noticed a death yak
  7196 | Lair:2   | Noticed a boulder beetle
  7198 | Lair:2   | a boulder beetle changed into an ettin
  7198 | Lair:2   | Noticed an ettin
  7210 | Lair:2   | Killed an ettin
  7211 | Lair:2   | Reached skill level 1 in Axes
  7211 | Lair:2   | Reached skill level 1 in Throwing
  7361 | Lair:2   | Found a gate leading to a gauntlet.
  7372 | Lair:2   | Reached skill level 2 in Axes
  7446 | Lair:2   | Noticed a black mamba
  7447 | Lair:2   | Noticed an elephant
  7471 | Lair:2   | Killed a black mamba
  7472 | Lair:2   | Reached XP level 11. HP: 37/91 MP: 14/14
  7665 | Lair:3   | Reached skill level 3 in Axes
  7713 | Lair:3   | Found a staircase to the Snake Pit.
  7915 | Lair:1   | Reached skill level 5 in Dodging
  7957 | Lair:1   | Reached skill level 5 in Invocations
  8433 | D:8      | Killed Amaemon
  8481 | D:9      | Received a gift from Nemelex Xobeh
  8534 | D:8      | Found a snail-covered altar of Cheibriados.
  8648 | D:9      | Noticed Maurice
  8661 | D:9      | Found a runed translucent door.
  8661 | D:9      | Found a shimmering altar of Xom.
  8661 | D:9      | Noticed a +0 morningstar of chaos
  8661 | D:9      | Noticed Lymetel's ghost (journeyman GnRe)
  8681 | D:9      | Reached skill level 4 in Axes
  8689 | D:9      | Noticed a two-headed ogre
  8697 | D:9      | Reached skill level 5 in Shields
  8705 | D:9      | Killed a two-headed ogre
  8706 | D:9      | Reached skill level 5 in Stealth
  8708 | D:9      | Reached skill level 5 in Axes
  8711 | D:9      | HP: 3/91 [wight/+3 battleaxe of freezing (12)]
  8711 | D:9      | HP: 1/88 [wight/+3 battleaxe of freezing (2)]
  8720 | D:9      | Killed Harold
  8755 | D:9      | Killed Maurice
  8756 | D:9      | Reached skill level 6 in Axes
  9070 | D:9      | Learned a level 3 spell: Teleport Other
  9404 | D:9      | Reached XP level 12. HP: 87/100 MP: 16/16
  9583 | D:10     | Entered Level 10 of the Dungeon
  9724 | D:10     | Reached skill level 7 in Axes
 10529 | D:4      | Found an ornate altar of the Wu Jian Council.
 10570 | D:4      | Found a sacrificial altar of Ru.
 10619 | D:4      | Noticed Blork the orc
 10628 | D:4      | Killed Blork the orc
 10665 | D:4      | Received a gift from Nemelex Xobeh
 10767 | D:4      | Reached ***** piety under Nemelex Xobeh
 11586 | D:6      | Received a gift from Nemelex Xobeh
 12203 | D:10     | Gained mutation: Your spells are a little harder to cast,
                  | but a little more powerful. [potion of mutation]
 12203 | D:10     | Gained mutation: Your spells are harder to cast, but more
                  | powerful. [potion of mutation]
 12203 | D:10     | Gained mutation: You passively dampen the noise of your
                  | surroundings. [potion of mutation]
 12204 | D:10     | HP: 3/101 [something (9)]
 12209 | D:10     | Found a staircase to the Orcish Mines.
 12685 | Lair:1   | Reached skill level 8 in Axes
 13248 | Lair:3   | Reached skill level 9 in Axes
 13704 | Lair:3   | Reached skill level 10 in Axes
 13823 | Lair:3   | Reached XP level 13. HP: 62/108 MP: 18/18
 14024 | Lair:3   | Reached skill level 10 in Armour
 14289 | Lair:3   | You fall into a shaft and drop 2 floors!
 14289 | Lair:5   | Entered Level 5 of the Lair of Beasts
 14566 | Lair:4   | Received a gift from Nemelex Xobeh
 15062 | Lair:5   | Reached skill level 11 in Axes
 15142 | Lair:5   | Received a gift from Nemelex Xobeh
 15380 | Lair:5   | Received a gift from Nemelex Xobeh
 16370 | Lair:5   | Reached skill level 12 in Axes
 16834 | Lair:5   | a death yak changed into a minotaur
 16834 | Lair:5   | Noticed a minotaur
 16843 | Lair:5   | a minotaur changed into a glowing shapeshifter
 16852 | Lair:5   | Reached XP level 14. HP: 89/118 MP: 20/20
 16961 | Lair:5   | a deep troll shaman changed into a broodmother
 16961 | Lair:5   | Noticed a broodmother
 16998 | Lair:5   | Killed from afar by an ice dragon

Illustrated notes

Levels and vault maps discovered:
D:1:      reono_arrival_mine, layout_loops_ring, serial_forest,
          infiniplex_forest_lined_3, infiniplex_forest_lined_room_2,
          infiniplex_forest_end_3, infiniplex_forest_end_1,
          infiniplex_forest_end_1, infiniplex_forest_corner_1,
          infiniplex_forest_split, infiniplex_forest_clump_long,
          infiniplex_forest_lined_corner, infiniplex_forest_end_1
D:2:      layout_rooms
D:3:      layout_rooms, nicolae_elyvilon_temple_path,
          shapermc_ecumenical_altar_notcrosses, hex_medium, nrook_campfire
D:4:      lemuel_castle_with_subvaults [lemuel_castle_interior_carwin_2],
          layout_basic, nicolae_wu_jian_immortal_techniques,
          kennysheep_mini_moat, nicolae_ru_path_of_blood, serial_shops,
          kennysheep_little_box, serial_curves, eino_curves_04, eino_curves_02,
          eino_curves_01, minmay_checkerbox, uniq_blork_the_orc, uniq_pikel
D:5:      layout_cave_pools, nicolae_nh_ransacked_shop
D:6:      layout_loops_ring, xom_teletrap_fun,
          nemelex_xobeh_ov_fountains_minmay, minmay_temple_entry_purple_smoke,
          serial_shops, shop, serial_aquarium, aquarium_bridge_square
          [aquarium_subvault_bridge, aquarium_subvault_wall,
          aquarium_subvault_wall, aquarium_subvault_wall],
          aquarium_bridge_island_small [aquarium_subvault_small_open,
          aquarium_subvault_window, aquarium_subvault_wall,
          aquarium_subvault_bridge, aquarium_subvault_window],
          aquarium_window_fake, aquarium_window_2, aquarium_window_fake,
          aquarium_view_2e, aquarium_pool_S, minivault_22
D:7:      layout_basic, serial_shops, shop
D:8:      layout_basic, chei_slow_surprise, grunt_qazlal_sundering,
          david_lair_shrubbed
D:9:      layout_cave_pods, ebering_ghost_xom, grunt_decor_junction,
          uniq_harold, uniq_amaemon, uniq_maurice
D:10:     layout_loops_ring, zombieorc2_lemuel, gammafunk_ghost_nasty_kobolds,
          minmay_circle_x
D:11:     layout_cave_pools, uniq_grum
Temple:   minmay_temple_curvy_branch
Lair:1:   layout_cave_pods, grunt_megastairs_2
Lair:2:   layout_small_grid, enter_volcano_3, gauntlet_entry_generic
Lair:3:   layout_roguey, palyth_hydra_swamp_entry,
          minmay_snake_entry_six_corridors, lemuel_fruit_fields
Lair:4:   layout_loops_ring, minmay_slime_entry_jelly_boxes,
          ebering_ghost_rock_garden, serial_bayou_pond_d, serial_bayou_ford_a,
          serial_bayou_shore_b, infiniplex_staircase_pool_2,
          serial_bayou_shore_b
Lair:5:   grunt_lair_end_beastmaster, layout_regular_city

Skill      XL: |  1  2  3  4  5  6  7  8  9 10 11 12 13 |
---------------+----------------------------------------+-----
Dodging        | 1 2 3 4 5 6 |  6.5
Stealth        | 1 2 3 4 5 6 |  6.5
Short Blades   | 1 3 5 6 7 |  7.6
Fighting       | 2 3 4 5 6 7 8 9 |  9.5
Armour         | 3 4 5 6 8 9 10 | 10.4
Evocations     | 4 5 6 7 8 |  8.0
Shields        | 2 4 5 6 7 |  7.2
Invocations    | 2 4 5 7 8 |  8.1
Axes           | 2 6 10 12 | 12.6
Throwing       | 1 2 3 4 |  4.9
Maces & Flails | |  0.5
Translocations | |  0.1

Action                     |  1- 3 |  4- 6 |  7- 9 | 10-12 | 13-15 || total
---------------------------+-------+-------+-------+-------+-------++-------
  Melee: Dagger            |   145 |    46 |   406 |   402 |       ||   999
         Club              |     3 |       |       |       |       ||     3
         Punch             |     1 |     1 |     4 |       |       ||     6
         War axe           |       |       |       |   507 |   309 ||   816
         Whip              |       |       |       |       |    15 ||    15
 Invoke: Draw Destruction  |       |     1 |     4 |    16 |    18 ||    39
         Draw Escape       |       |     1 |       |       |       ||     1
         Draw Summoning    |       |       |     1 |     1 |       ||     2
  Evoke: Wand              |       |       |     4 |     3 |     7 ||    14
    Use: Scroll            |     5 |     3 |     5 |    14 |       ||    27
         Potion            |       |       |       |     6 |     1 ||     7
   Stab: Sleeping          |       |       |     1 |     1 |       ||     2
         Distracted        |       |       |       |     2 |       ||     2
 Armour: Leather armour    |    24 |       |       |       |       ||    24
         Ring mail         |    23 |       |       |       |       ||    23
         Scale mail        |    24 |    18 |   198 |   537 |   247 ||  1024
  Dodge: Dodged            |   103 |    15 |   183 |   572 |   256 ||  1129
  Block: Buckler           |       |       |    38 |   275 |   140 ||   453
